Blues vs Stars

Created - December 4, 2015 at 18:31

Goals
1 2 3 T
Blues 1 1 1 3
Stars 2 4 0 6
Shots
1 2 3 T
Blues 11 7 11 29
Stars 9 13 12 34

1st period

1. Stars , Paul Byron 3 (John Mitchell, Patrik Elias) at 3:58
2. Blues , Rick Nash 22 (Mike Fisher, Marian Hossa) at 16:29
3. Stars , Nikita Kucherov 12 (Ryan Callahan, David Backes) at 17:38

Penalties :
Clayton Stoner (DAL) for Roughing (Minor) at 1:25, Tyson Strachan (STL) for Cross-checking (Minor) at 10:29, John Mitchell (DAL) for Hooking (Minor) at 12:32, Carl Gunnarsson (STL) for Hooking (Minor) at 18:07

2nd period

4. Stars , Paul Byron 4 (Mark Stuart, Vyacheslav Voynov) at 1:46
5. Stars , David Backes 15 (Nikita Kucherov, Ryan Callahan) at 12:56
6. Blues , Lee Stempniak 9 (Mike Weaver, Clarke MacArthur) at 14:30
7. Stars , Ryan Callahan 6 (Zdeno Chara) at 17:57
8. Stars , Tyler Seguin 14 (Zdeno Chara, Clayton Stoner) at 18:28

Penalties :
Tyson Strachan (STL) for Interference (Minor) at 1:57, Clayton Stoner (DAL) for Hooking (Minor) at 6:50, Cal Clutterbuck (STL) for Hooking (Minor) at 14:32, Johnny Boychuk (STL) for Hooking (Minor) at 18:36

3rd period

9. Blues , Johnny Boychuk 8 (Mike Fisher, Marian Hossa) at 6:15

Penalties :
Mark Stuart (DAL) for Cross-checking (Minor) at 9:16, Mike Weaver (STL) for Cross-checking (Minor) at 11:28, Cal Clutterbuck (STL) for Hooking (Minor) at 13:45, Tyson Strachan (STL) for Goalie Interference (Minor) at 18:55

Goalie Stats

Antti Niemi (STL), 16 saves from 21 shots - (0.762), L, 22-5-1, 37:57 minutes
Karri Ramo (STL), 12 saves from 13 shots - (0.923), 22:03 minutes
Jonathan Quick (DAL), 26 saves from 29 shots - (0.897), W, 16-12-2, 60:00 minutes

Players Stats for Blues

Player Name              G  A  P  +/- PIM S  H  SB GA TA FO     MP     PP MP  PK MP  
------------------------------------------------------------------------------------
Cal Clutterbuck          0  0  0  -2  4   2  1  0  0  0  0/0     6:52   0:00   0:00 
Carl Gunnarsson          0  0  0  -1  2   0  0  2  0  0  0/0    22:30   3:24   6:47 
Clarke MacArthur         0  1  1   0  0   4  1  0  0  0  0/0    19:29   2:17   4:51 
Jay McClement            0  0  0   0  0   2  1  0  0  0  14/28  17:06   0:00   6:53 
Jiri Hudler              0  0  0  -2  0   4  0  0  0  0  15/23  25:36   3:27   7:52 
Joakim Andersson         0  0  0  -2  0   2  0  0  0  0  5/9     6:54   0:00   0:00 
Johnny Boychuk           1  0  1  -1  2   2  1  2  0  0  0/0    24:52   4:32   7:14 
Jussi Jokinen            0  0  0  -2  0   1  0  0  0  0  0/0     8:59   0:00   0:00 
Lee Stempniak            1  0  1   0  0   2  0  0  0  0  0/2    13:40   3:27   0:00 
Marian Hossa             0  2  2   1  0   2  0  1  0  0  3/4    24:29   4:29   8:59 
Matt Carle               0  0  0  -1  0   0  0  1  0  0  0/0    25:46   4:32   8:43 
Matt Irwin               0  0  0  -1  0   1  1  1  0  0  0/0    17:42   3:24   2:02 
Michael Raffl            0  0  0  -2  0   2  3  0  0  0  0/0    12:26   3:27   0:00 
Mike Fisher              0  2  2   1  0   2  3  0  0  0  15/28  15:42   4:29   0:12 
Mike Weaver              0  1  1  -1  2   1  3  0  0  0  0/0    12:33   0:00   0:18 
Rick Nash                1  0  1   1  0   2  0  0  0  0  0/0     6:48   2:12   1:01 
Rob Klinkhammer          0  0  0  -2  0   0  2  0  0  0  0/0     7:00   0:00   0:06 
Tyson Strachan           0  0  0  -1  6   0  0  1  0  0  0/0    16:31   0:00   4:50 

Players Stats for Stars

Player Name              G  A  P  +/- PIM S  H  SB GA TA FO     MP     PP MP  PK MP  
------------------------------------------------------------------------------------
Brad Malone              0  0  0   0  0   0  1  0  0  0  1/3     2:45   0:00   1:41 
Brandon Manning          0  0  0   0  0   0  0  0  0  0  0/0     0:00   0:00   0:00 
Clayton Stoner           0  1  1   2  4   1  5  0  0  0  0/0    15:06   0:00   0:00 
David Backes             1  1  2   2  0   3  2  0  0  0  22/42  23:47   7:46   4:04 
Evgeni Malkin            0  0  0   0  0   3  4  0  0  0  0/1    21:04   7:11   0:06 
John Mitchell            0  1  1   1  2   1  4  0  0  0  1/1    11:22   0:00   0:00 
Jonathan Huberdeau       0  0  0   0  0   1  3  0  0  0  1/1    19:54   7:11   0:00 
Kris Letang              0  0  0   1  0   1  1  1  0  0  0/0    26:19   7:33   4:37 
Mark Stuart              0  1  1   0  2   0  3  0  0  0  0/0    15:40   7:24   0:27 
Nikita Kucherov          1  1  2   2  0   8  0  1  0  0  0/1    22:35   7:46   2:52 
Patrik Elias             0  1  1   1  0   1  0  0  0  0  7/20   14:28   0:00   3:05 
Paul Byron               2  0  2   1  0   4  1  0  0  0  0/0    11:23   0:00   0:00 
Rob Scuderi              0  0  0   0  0   0  0  0  0  0  0/0     0:00   0:00   0:00 
Ryan Callahan            1  2  3   2  0   4  4  0  0  0  1/2    23:47   7:46   4:04 
Shea Weber               0  0  0   1  0   1  1  3  0  0  0/0    26:19   7:33   4:37 
Tyler Seguin             1  0  1   0  0   4  1  0  0  0  9/23   20:58   7:11   0:00 
Vyacheslav Voynov        0  1  1   0  0   0  0  2  0  0  0/0    11:09   0:00   3:19 
Zdeno Chara              0  2  2   2  0   2  1  3  0  0  0/0    25:24   7:24   2:52 

3 Stars

1 - Ryan Callahan (DAL)
2 - Paul Byron (DAL)
3 - David Backes (DAL)

Power Play

Blues - 0 on 4 Attempt(s) - 0.00%
Stars - 0 on 8 Attempt(s) - 0.00%

Penalty Kill

Blues - 8 on 8 Attempt(s) - 100.00% - Score 0 goal in Penalty Kill
Stars - 4 on 4 Attempt(s) - 100.00% - Score 0 goal in Penalty Kill

Team Stat

Blues - Hits : 16 - Faceoff Wins : 52 - Blocked Shots : 8 - Penalty Minutes : 16
Stars - Hits : 31 - Faceoff Wins : 42 - Blocked Shots : 10 - Penalty Minutes : 8

Official

Referees : Kendrick Nicholson and Brad Watson
Linesman : Steve Barton and Bryan Pancich

Game Notes

Rick Nash is injured at 17:58 of 1st period (Lower Body)
Karri Ramo enters game at 17:57 of 2nd period

Finance

Level 1 -- Attendance: 6000 (100.00%) -- Ticket Income $612,000
Level 2 -- Attendance: 4576 (91.52%) -- Ticket Income $343,200
Level 3 -- Attendance: 2000 (100.00%) -- Ticket Income $110,000
Level 4 -- Attendance: 2745 (60.57%) -- Ticket Income $123,525
Luxury Box -- Attendance: 958 (95.80%) -- Ticket Income $191,600
Game was played at the American Airlines Center.
Total Attendance: 16279 (87.84%)
Total Ticket Income: $1,380,325
Other Income: $207,049
Total Income: $1,587,374

% Time on Ice - Blues

Lines # - Real PCT - Wanted PCT - Time Play
Normal Forward
1 - 30% - 32% - 11:01
2 - 24% - 31% - 8:59
3 - 28% - 29% - 10:13
4 - 19% - 8% - 6:54
Normal Defense
1 - 33% - 35% - 12:20
2 - 32% - 33% - 11:44
3 - 33% - 32% - 12:16
4 - 2% - 0% - 0:47
PP Forward
1 - 57% - 60% - 4:29
2 - 43% - 40% - 3:27
PP Defense
1 - 57% - 62% - 4:32
2 - 43% - 38% - 3:24
PK Forward
1 - 46% - 50% - 6:53
2 - 54% - 50% - 8:04
PK Defense
1 - 39% - 51% - 5:53
2 - 61% - 49% - 9:04
PK3 Forward
1 - 0% - 51%
2 - 0% - 49%
PK3 Defense
1 - 0% - 51%
2 - 0% - 49%
44 Forward
1 - 0% - 51%
2 - 0% - 49%
44 Defense
1 - 0% - 51%
2 - 0% - 49%
Last Minute Offensive  - 0:00
Last Minute Defensive  - 0:00
Total
Forward - 60:00
Defense - 60:00

% Time on Ice - Stars

Lines # - Real PCT - Wanted PCT - Time Play
Normal Forward
1 - 34% - 33% - 12:43
2 - 32% - 33% - 11:57
3 - 31% - 27% - 11:23
4 - 3% - 7% - 1:04
Normal Defense
1 - 38% - 40% - 14:09
2 - 41% - 35% - 15:08
3 - 21% - 15% - 7:50
4 - 0% - 10% - 0:00
PP Forward
1 - 48% - 50% - 7:11
2 - 52% - 50% - 7:46
PP Defense
1 - 51% - 50% - 7:33
2 - 49% - 50% - 7:24
PK Forward
1 - 53% - 50% - 4:10
2 - 47% - 50% - 3:46
PK Defense
1 - 58% - 50% - 4:37
2 - 42% - 50% - 3:19
PK3 Forward
1 - 0% - 50%
2 - 0% - 50%
PK3 Defense
1 - 0% - 50%
2 - 0% - 50%
44 Forward
1 - 0% - 50%
2 - 0% - 50%
44 Defense
1 - 0% - 50%
2 - 0% - 50%
Last Minute Offensive  - 0:00
Last Minute Defensive  - 0:00
Total
Forward - 60:00
Defense - 60:00

Play by Play

1st period


0:01 of 1st period - Tyler Seguin wins face-off versus Mike Fisher in neutral zone.
0:04 of 1st period - Johnny Boychuk is hit by Jonathan Huberdeau and loses puck.
0:22 of 1st period - Icing by Carl Gunnarsson.
0:23 of 1st period - David Backes wins face-off versus Mike Fisher in Blues zone.
0:28 of 1st period - Shot by Ryan Callahan.
0:28 of 1st period - Shot Misses the Net.
0:38 of 1st period - Shot by Marian Hossa.
0:38 of 1st period - Shot Misses the Net.
0:46 of 1st period - Shot by Mike Fisher.
0:46 of 1st period - Shot Misses the Net.
0:51 of 1st period - Mike Fisher is hit by Clayton Stoner and loses puck.
0:55 of 1st period - Rick Nash is hit by Zdeno Chara and loses puck.
1:25 of 1st period - Minor Penalty to Clayton Stoner for Roughing.
1:26 of 1st period - Jiri Hudler wins face-off versus Patrik Elias in Stars zone.
1:33 of 1st period - Shot by Jiri Hudler.
1:33 of 1st period - Stopped by Jonathan Quick with a rebound.
2:28 of 1st period - Icing by Johnny Boychuk.
2:29 of 1st period - David Backes wins face-off versus Mike Fisher in Blues zone.
2:30 of 1st period - Shot by Ryan Callahan.
2:30 of 1st period - Stopped by Antti Niemi with a rebound.
2:40 of 1st period - Shot by Ryan Callahan.
2:40 of 1st period - Deflect By David Backes.
2:40 of 1st period - Shot Misses the Net.
3:26 of 1st period - Icing by Vyacheslav Voynov.
3:27 of 1st period - Joakim Andersson wins face-off versus Tyler Seguin in Stars zone.
3:32 of 1st period - Shot by Cal Clutterbuck.
3:32 of 1st period - Stopped by Jonathan Quick with a rebound.
3:38 of 1st period - Shot by Cal Clutterbuck.
3:38 of 1st period - Deflect By Rob Klinkhammer.
3:38 of 1st period - Shot Blocked by Vyacheslav Voynov.
3:40 of 1st period - Shot by Cal Clutterbuck.
3:40 of 1st period - Stopped by Jonathan Quick without a rebound.
3:41 of 1st period - Jay McClement wins face-off versus Patrik Elias in Stars zone.
3:58 of 1st period - Shot by Paul Byron.
3:58 of 1st period - Goal by Paul Byron - Blues : 0 - Stars : 1.
3:59 of 1st period - Tyler Seguin wins face-off versus Jiri Hudler in neutral zone.
3:59 of 1st period - Tyler Seguin is hit by Michael Raffl.
4:30 of 1st period - Off-side.
4:31 of 1st period - Jay McClement wins face-off versus Patrik Elias in neutral zone.
4:31 of 1st period - Jay McClement is hit by John Mitchell.
4:38 of 1st period - John Mitchell is hit by Matt Irwin and loses puck.
4:52 of 1st period - Icing by Zdeno Chara.
4:53 of 1st period - Patrik Elias wins face-off versus Mike Fisher in Stars zone.
4:55 of 1st period - Icing by Zdeno Chara.
4:56 of 1st period - Jiri Hudler wins face-off versus Patrik Elias in Stars zone.
5:18 of 1st period - Jussi Jokinen is hit by Clayton Stoner and loses puck.
5:58 of 1st period - Icing by Matt Carle.
5:59 of 1st period - David Backes wins face-off versus Jay McClement in Blues zone.
6:28 of 1st period - Off-side.
6:29 of 1st period - Tyler Seguin wins face-off versus Mike Fisher in neutral zone.
6:42 of 1st period - Shot by Rick Nash.
6:42 of 1st period - Shot Misses the Net.
6:54 of 1st period - Shot by Rick Nash.
6:54 of 1st period - Deflect By Marian Hossa.
6:54 of 1st period - Shot Misses the Net.
7:10 of 1st period - Vyacheslav Voynov is hit by Mike Fisher and loses puck.
7:55 of 1st period - Shot by Michael Raffl.
7:55 of 1st period - Deflect By Jiri Hudler.
7:55 of 1st period - Shot Misses the Net.
7:59 of 1st period - Shot by Jiri Hudler.
7:59 of 1st period - Deflect By Michael Raffl.
7:59 of 1st period - Stopped by Jonathan Quick without a rebound.
8:00 of 1st period - David Backes wins face-off versus Jay McClement in Stars zone.
8:16 of 1st period - Matt Carle is hit by Ryan Callahan and loses puck.
8:20 of 1st period - Icing by Matt Carle.
8:21 of 1st period - Patrik Elias wins face-off versus Jay McClement in Blues zone.
8:49 of 1st period - Shot by Clarke MacArthur.
8:49 of 1st period - Shot Blocked by Zdeno Chara.
8:51 of 1st period - Shot by Lee Stempniak.
8:51 of 1st period - Stopped by Jonathan Quick without a rebound.
8:52 of 1st period - Mike Fisher wins face-off versus David Backes in Stars zone.
9:44 of 1st period - Ryan Callahan is hit by Johnny Boychuk and loses puck.
10:18 of 1st period - Shot by Michael Raffl.
10:18 of 1st period - Deflect By Jiri Hudler.
10:18 of 1st period - Stopped by Jonathan Quick without a rebound.
10:19 of 1st period - Patrik Elias wins face-off versus Jay McClement in Stars zone.
10:19 of 1st period - Patrik Elias is hit by Jay McClement.
10:29 of 1st period - Minor Penalty to Tyson Strachan for Cross-checking.
10:30 of 1st period - Jay McClement wins face-off versus Tyler Seguin in Blues zone.
10:39 of 1st period - Johnny Boychuk is hit by Evgeni Malkin and loses puck.
11:37 of 1st period - Shot by Ryan Callahan.
11:37 of 1st period - Stopped by Antti Niemi without a rebound.
11:38 of 1st period - Jiri Hudler wins face-off versus David Backes in Blues zone.
11:38 of 1st period - Jiri Hudler is hit by David Backes.
12:05 of 1st period - Icing by Shea Weber.
12:06 of 1st period - Jay McClement wins face-off versus David Backes in Stars zone.
12:30 of 1st period - Off-side.
12:31 of 1st period - Joakim Andersson wins face-off versus Patrik Elias in neutral zone.
12:31 of 1st period - Joakim Andersson is hit by John Mitchell.
12:32 of 1st period - Minor Penalty to John Mitchell for Hooking.
12:33 of 1st period - Mike Fisher wins face-off versus Patrik Elias in Stars zone.
12:58 of 1st period - Shot by Mike Fisher.
12:58 of 1st period - Shot Misses the Net.
13:00 of 1st period - Shot by Rick Nash.
13:00 of 1st period - Stopped by Jonathan Quick without a rebound.
13:01 of 1st period - Jiri Hudler wins face-off versus David Backes in Stars zone.
13:02 of 1st period - Shot by Matt Irwin.
13:02 of 1st period - Stopped by Jonathan Quick without a rebound.
13:03 of 1st period - David Backes wins face-off versus Jiri Hudler in Stars zone.
13:03 of 1st period - Shea Weber is hit by Michael Raffl and loses puck.
14:04 of 1st period - Vyacheslav Voynov is hit by Mike Fisher.
15:10 of 1st period - Shot by Tyler Seguin.
15:10 of 1st period - Stopped by Antti Niemi without a rebound.
15:11 of 1st period - Patrik Elias wins face-off versus Lee Stempniak in Blues zone.
16:25 of 1st period - Shot by Marian Hossa.
16:25 of 1st period - Stopped by Jonathan Quick with a rebound.
16:27 of 1st period - Shot by Mike Fisher.
16:27 of 1st period - Stopped by Jonathan Quick with a rebound.
16:29 of 1st period - Shot by Rick Nash.
16:29 of 1st period - Goal by Rick Nash - Blues : 1 - Stars : 1.
16:30 of 1st period - Jiri Hudler wins face-off versus Tyler Seguin in neutral zone.
16:36 of 1st period - Off-side.
16:37 of 1st period - Mike Fisher wins face-off versus Tyler Seguin in neutral zone.
16:37 of 1st period - Mike Fisher is hit by Jonathan Huberdeau.
16:44 of 1st period - Rick Nash is hit by Clayton Stoner and loses puck.
16:53 of 1st period - Shot by Evgeni Malkin.
16:53 of 1st period - Stopped by Antti Niemi without a rebound.
16:54 of 1st period - David Backes wins face-off versus Jiri Hudler in Blues zone.
17:23 of 1st period - Jiri Hudler is hit by David Backes and loses puck.
17:28 of 1st period - Shot by Kris Letang.
17:28 of 1st period - Shot Blocked by Matt Carle.
17:36 of 1st period - Shot by Ryan Callahan.
17:36 of 1st period - Shot Misses the Net.
17:38 of 1st period - Shot by Nikita Kucherov.
17:38 of 1st period - Goal by Nikita Kucherov - Blues : 1 - Stars : 2.
17:39 of 1st period - Mike Fisher wins face-off versus Tyler Seguin in neutral zone.
17:57 of 1st period - Rick Nash is hit by Jonathan Huberdeau and loses puck.
17:58 of 1st period - Rick Nash from Blues is injured at 17:58 of 1st period (Lower Body).
17:59 of 1st period - Patrik Elias wins face-off versus Jay McClement in Blues zone.
18:07 of 1st period - Minor Penalty to Carl Gunnarsson for Hooking.
18:08 of 1st period - Tyler Seguin wins face-off versus Jay McClement in Blues zone.
18:34 of 1st period - Shot by Tyler Seguin.
18:34 of 1st period - Shot Misses the Net.
18:36 of 1st period - Shot by Shea Weber.
18:36 of 1st period - Shot Misses the Net.
18:38 of 1st period - Shot by Tyler Seguin.
18:38 of 1st period - Stopped by Antti Niemi without a rebound.
18:39 of 1st period - David Backes wins face-off versus Jiri Hudler in Blues zone.
18:42 of 1st period - Shot by Ryan Callahan.
18:42 of 1st period - Deflect By Nikita Kucherov.
18:42 of 1st period - Shot Blocked by Marian Hossa.
18:44 of 1st period - Shot by Mark Stuart.
18:44 of 1st period - Shot Blocked by Johnny Boychuk.
18:46 of 1st period - Shot by Ryan Callahan.
18:46 of 1st period - Stopped by Antti Niemi without a rebound.
18:47 of 1st period - Jiri Hudler wins face-off versus David Backes in Blues zone.
18:47 of 1st period - Jiri Hudler is hit by Ryan Callahan.
19:05 of 1st period - Shot by Nikita Kucherov.
19:05 of 1st period - Stopped by Antti Niemi without a rebound.
19:06 of 1st period - Jay McClement wins face-off versus Tyler Seguin in Blues zone.
19:30 of 1st period - Jiri Hudler is hit by Shea Weber and loses puck.
19:49 of 1st period - Marian Hossa is hit by Evgeni Malkin and loses puck.
Goals for this period are 1 for Blues vs 2 for Stars.
Shots for this period are 11 for Blues vs 9 for Stars.

2nd period


0:01 of 2nd period - Ryan Callahan wins face-off versus Jay McClement in neutral zone.
0:48 of 2nd period - Shot by Shea Weber.
0:48 of 2nd period - Stopped by Antti Niemi without a rebound.
0:49 of 2nd period - David Backes wins face-off versus Mike Fisher in Blues zone.
1:06 of 2nd period - Shot by Nikita Kucherov.
1:06 of 2nd period - Deflect By David Backes.
1:06 of 2nd period - Stopped by Antti Niemi without a rebound.
1:07 of 2nd period - John Mitchell wins face-off versus Joakim Andersson in Blues zone.
1:46 of 2nd period - Shot by Paul Byron.
1:46 of 2nd period - Goal by Paul Byron - Blues : 1 - Stars : 3.
1:47 of 2nd period - David Backes wins face-off versus Mike Fisher in neutral zone.
1:57 of 2nd period - Minor Penalty to Tyson Strachan for Interference.
1:58 of 2nd period - Tyler Seguin wins face-off versus Jay McClement in Blues zone.
3:08 of 2nd period - Off-side.
3:09 of 2nd period - Jay McClement wins face-off versus David Backes in neutral zone.
3:54 of 2nd period - Zdeno Chara is hit by Clarke MacArthur and loses puck.
4:12 of 2nd period - Shot by Joakim Andersson.
4:12 of 2nd period - Stopped by Jonathan Quick without a rebound.
4:13 of 2nd period - Mike Fisher wins face-off versus Tyler Seguin in Stars zone.
4:13 of 2nd period - Mike Fisher is hit by Kris Letang.
4:37 of 2nd period - Icing by Mike Weaver.
4:38 of 2nd period - Marian Hossa wins face-off versus Patrik Elias in Blues zone.
4:38 of 2nd period - Marian Hossa is hit by John Mitchell.
5:15 of 2nd period - Shot by Jiri Hudler.
5:15 of 2nd period - Shot Blocked by Zdeno Chara.
6:34 of 2nd period - Joakim Andersson is hit by Clayton Stoner and loses puck.
6:50 of 2nd period - Minor Penalty to Clayton Stoner for Hooking.
6:51 of 2nd period - David Backes wins face-off versus Mike Fisher in Stars zone.
7:08 of 2nd period - Shot by Mike Fisher.
7:08 of 2nd period - Shot Blocked by Shea Weber.
7:54 of 2nd period - Shot by Johnny Boychuk.
7:54 of 2nd period - Stopped by Jonathan Quick without a rebound.
7:55 of 2nd period - Brad Malone wins face-off versus Mike Fisher in Stars zone.
8:22 of 2nd period - Icing by Johnny Boychuk.
8:23 of 2nd period - Mike Fisher wins face-off versus Brad Malone in Blues zone.
8:23 of 2nd period - Mike Fisher is hit by Brad Malone.
8:43 of 2nd period - Off-side.
8:44 of 2nd period - Jiri Hudler wins face-off versus David Backes in neutral zone.
8:58 of 2nd period - Joakim Andersson is hit by Mark Stuart and loses puck.
10:00 of 2nd period - Jiri Hudler is hit by Mark Stuart and loses puck.
10:05 of 2nd period - Shot by Jussi Jokinen.
10:05 of 2nd period - Stopped by Jonathan Quick without a rebound.
10:06 of 2nd period - Jay McClement wins face-off versus David Backes in Stars zone.
10:09 of 2nd period - Shot by Jay McClement.
10:09 of 2nd period - Stopped by Jonathan Quick with a rebound.
11:55 of 2nd period - Icing by Shea Weber.
11:56 of 2nd period - Mike Fisher wins face-off versus Brad Malone in Stars zone.
12:15 of 2nd period - Shot by Tyler Seguin.
12:15 of 2nd period - Shot Blocked by Carl Gunnarsson.
12:34 of 2nd period - Off-side.
12:35 of 2nd period - David Backes wins face-off versus Joakim Andersson in neutral zone.
12:40 of 2nd period - Shot by Nikita Kucherov.
12:40 of 2nd period - Stopped by Antti Niemi without a rebound.
12:41 of 2nd period - Joakim Andersson wins face-off versus David Backes in Blues zone.
12:56 of 2nd period - Shot by David Backes.
12:56 of 2nd period - Goal by David Backes - Blues : 1 - Stars : 4.
12:57 of 2nd period - Mike Fisher wins face-off versus Patrik Elias in neutral zone.
13:12 of 2nd period - Shot by Mike Fisher.
13:12 of 2nd period - Stopped by Jonathan Quick without a rebound.
13:13 of 2nd period - David Backes wins face-off versus Joakim Andersson in Stars zone.
13:13 of 2nd period - David Backes is hit by Cal Clutterbuck.
13:16 of 2nd period - Icing by Shea Weber.
13:17 of 2nd period - Mike Fisher wins face-off versus David Backes in Stars zone.
14:14 of 2nd period - Off-side.
14:15 of 2nd period - Tyler Seguin wins face-off versus Jay McClement in neutral zone.
14:18 of 2nd period - Shot by Tyler Seguin.
14:18 of 2nd period - Deflect By Evgeni Malkin.
14:18 of 2nd period - Shot Misses the Net.
14:30 of 2nd period - Shot by Lee Stempniak.
14:30 of 2nd period - Goal by Lee Stempniak - Blues : 2 - Stars : 4.
14:31 of 2nd period - Patrik Elias wins face-off versus Joakim Andersson in neutral zone.
14:31 of 2nd period - Patrik Elias is hit by Rob Klinkhammer.
14:32 of 2nd period - Minor Penalty to Cal Clutterbuck for Hooking.
14:33 of 2nd period - Tyler Seguin wins face-off versus Marian Hossa in Blues zone.
14:56 of 2nd period - Shot by Zdeno Chara.
14:56 of 2nd period - Stopped by Antti Niemi without a rebound.
14:57 of 2nd period - David Backes wins face-off versus Jiri Hudler in Blues zone.
15:26 of 2nd period - Shot by Nikita Kucherov.
15:26 of 2nd period - Shot Blocked by Johnny Boychuk.
15:30 of 2nd period - Shot by Kris Letang.
15:30 of 2nd period - Shot Misses the Net.
15:32 of 2nd period - Shot by David Backes.
15:32 of 2nd period - Stopped by Antti Niemi without a rebound.
15:33 of 2nd period - Jiri Hudler wins face-off versus Evgeni Malkin in Blues zone.
15:33 of 2nd period - Clarke MacArthur is hit by Evgeni Malkin and loses puck.
16:06 of 2nd period - Johnny Boychuk is hit by Tyler Seguin and loses puck.
16:15 of 2nd period - Shot by Tyler Seguin.
16:15 of 2nd period - Stopped by Antti Niemi with a rebound.
16:17 of 2nd period - Shot by Zdeno Chara.
16:17 of 2nd period - Stopped by Antti Niemi without a rebound.
16:18 of 2nd period - Jay McClement wins face-off versus David Backes in Blues zone.
16:18 of 2nd period - Marian Hossa is hit by Ryan Callahan and loses puck.
16:31 of 2nd period - Shot by David Backes.
16:31 of 2nd period - Deflect By Nikita Kucherov.
16:31 of 2nd period - Stopped by Antti Niemi without a rebound.
16:32 of 2nd period - Joakim Andersson wins face-off versus Patrik Elias in Blues zone.
16:32 of 2nd period - Joakim Andersson is hit by John Mitchell.
16:48 of 2nd period - Shot by Rob Klinkhammer.
16:48 of 2nd period - Shot Blocked by Shea Weber.
17:08 of 2nd period - Shot by Patrik Elias.
17:08 of 2nd period - Shot Blocked by Matt Irwin.
17:36 of 2nd period - Shot by Tyler Seguin.
17:36 of 2nd period - Deflect By Evgeni Malkin.
17:36 of 2nd period - Stopped by Antti Niemi without a rebound.
17:37 of 2nd period - Jiri Hudler wins face-off versus David Backes in Blues zone.
17:57 of 2nd period - Shot by Ryan Callahan.
17:57 of 2nd period - Goal by Ryan Callahan - Blues : 2 - Stars : 5.
17:57 of 2nd period - Karri Ramo enters game.
17:58 of 2nd period - Mike Fisher wins face-off versus Tyler Seguin in neutral zone.
17:58 of 2nd period - Mike Fisher is hit by Evgeni Malkin.
18:06 of 2nd period - Shot by Jiri Hudler.
18:06 of 2nd period - Stopped by Jonathan Quick without a rebound.
18:07 of 2nd period - Jonathan Huberdeau wins face-off versus Mike Fisher in Stars zone.
18:22 of 2nd period - Shot by Evgeni Malkin.
18:22 of 2nd period - Deflect By Tyler Seguin.
18:22 of 2nd period - Shot Misses the Net.
18:24 of 2nd period - Shot by Clayton Stoner.
18:24 of 2nd period - Shot Blocked by Tyson Strachan.
18:26 of 2nd period - Shot by Zdeno Chara.
18:26 of 2nd period - Shot Misses the Net.
18:28 of 2nd period - Shot by Tyler Seguin.
18:28 of 2nd period - Goal by Tyler Seguin - Blues : 2 - Stars : 6.
18:29 of 2nd period - Jay McClement wins face-off versus Ryan Callahan in neutral zone.
18:29 of 2nd period - Jay McClement is hit by Ryan Callahan.
18:36 of 2nd period - Minor Penalty to Johnny Boychuk for Hooking.
18:37 of 2nd period - Jay McClement wins face-off versus David Backes in Blues zone.
18:43 of 2nd period - Icing by David Backes.
18:44 of 2nd period - David Backes wins face-off versus Jay McClement in Stars zone.
18:53 of 2nd period - Shot by Jay McClement.
18:53 of 2nd period - Deflect By Marian Hossa.
18:53 of 2nd period - Shot Blocked by Nikita Kucherov.
18:55 of 2nd period - Shot by Jay McClement.
18:55 of 2nd period - Shot Misses the Net.
Goals for this period are 1 for Blues vs 4 for Stars.
Shots for this period are 7 for Blues vs 13 for Stars.

3rd period


0:01 of 3rd period - Jay McClement wins face-off versus Tyler Seguin in neutral zone.
0:34 of 3rd period - Shot by Tyler Seguin.
0:34 of 3rd period - Deflect By Evgeni Malkin.
0:34 of 3rd period - Shot Blocked by Carl Gunnarsson.
1:08 of 3rd period - Matt Irwin is hit by Clayton Stoner and loses puck.
1:59 of 3rd period - Patrik Elias is hit by Rob Klinkhammer and loses puck.
2:08 of 3rd period - Shot by Paul Byron.
2:08 of 3rd period - Stopped by Karri Ramo without a rebound.
2:09 of 3rd period - Jiri Hudler wins face-off versus Tyler Seguin in Blues zone.
2:20 of 3rd period - Shot by Jiri Hudler.
2:20 of 3rd period - Shot Blocked by Shea Weber.
3:00 of 3rd period - Shot by Clarke MacArthur.
3:00 of 3rd period - Stopped by Jonathan Quick without a rebound.
3:01 of 3rd period - Jay McClement wins face-off versus David Backes in Stars zone.
3:04 of 3rd period - Shot by Clarke MacArthur.
3:04 of 3rd period - Stopped by Jonathan Quick without a rebound.
3:05 of 3rd period - Mike Fisher wins face-off versus David Backes in Stars zone.
3:16 of 3rd period - Shot by Nikita Kucherov.
3:16 of 3rd period - Shot Misses the Net.
3:18 of 3rd period - Shot by Clayton Stoner.
3:18 of 3rd period - Stopped by Karri Ramo without a rebound.
3:19 of 3rd period - Patrik Elias wins face-off versus Jay McClement in Blues zone.
3:23 of 3rd period - John Mitchell is hit by Mike Weaver and loses puck.
3:31 of 3rd period - John Mitchell is hit by Mike Weaver and loses puck.
3:38 of 3rd period - Shot by John Mitchell.
3:38 of 3rd period - Stopped by Karri Ramo without a rebound.
3:39 of 3rd period - Jiri Hudler wins face-off versus Tyler Seguin in Blues zone.
3:53 of 3rd period - Shot by Jiri Hudler.
3:53 of 3rd period - Stopped by Jonathan Quick without a rebound.
3:54 of 3rd period - David Backes wins face-off versus Mike Fisher in Stars zone.
3:58 of 3rd period - Ryan Callahan is hit by Mike Fisher and loses puck.
4:16 of 3rd period - Shot by Jiri Hudler.
4:16 of 3rd period - Shot Misses the Net.
5:18 of 3rd period - Shot by Clarke MacArthur.
5:18 of 3rd period - Shot Misses the Net.
6:03 of 3rd period - Shot by Joakim Andersson.
6:03 of 3rd period - Stopped by Jonathan Quick without a rebound.
6:04 of 3rd period - Mike Fisher wins face-off versus Patrik Elias in Stars zone.
6:09 of 3rd period - Shot by Jiri Hudler.
6:09 of 3rd period - Shot Misses the Net.
6:13 of 3rd period - Shot by Mike Fisher.
6:13 of 3rd period - Shot Misses the Net.
6:15 of 3rd period - Shot by Johnny Boychuk.
6:15 of 3rd period - Goal by Johnny Boychuk - Blues : 3 - Stars : 6.
6:16 of 3rd period - Mike Fisher wins face-off versus Patrik Elias in neutral zone.
6:32 of 3rd period - Shot by Patrik Elias.
6:32 of 3rd period - Stopped by Karri Ramo without a rebound.
6:33 of 3rd period - David Backes wins face-off versus Lee Stempniak in Blues zone.
7:13 of 3rd period - Shot by Jay McClement.
7:13 of 3rd period - Shot Misses the Net.
7:15 of 3rd period - Shot by Clarke MacArthur.
7:15 of 3rd period - Stopped by Jonathan Quick without a rebound.
7:16 of 3rd period - Jiri Hudler wins face-off versus Tyler Seguin in Stars zone.
8:30 of 3rd period - Shot by Clarke MacArthur.
8:30 of 3rd period - Stopped by Jonathan Quick with a rebound.
8:38 of 3rd period - Shot by Paul Byron.
8:38 of 3rd period - Deflect By John Mitchell.
8:38 of 3rd period - Shot Misses the Net.
8:42 of 3rd period - Shot by Paul Byron.
8:42 of 3rd period - Stopped by Karri Ramo without a rebound.
8:43 of 3rd period - Joakim Andersson wins face-off versus David Backes in Blues zone.
9:05 of 3rd period - Off-side.
9:06 of 3rd period - Mike Fisher wins face-off versus Patrik Elias in neutral zone.
9:06 of 3rd period - Mike Fisher is hit by Paul Byron.
9:15 of 3rd period - Marian Hossa is hit by Mark Stuart and loses puck.
9:16 of 3rd period - Minor Penalty to Mark Stuart for Cross-checking.
9:17 of 3rd period - Jiri Hudler wins face-off versus Patrik Elias in Stars zone.
10:08 of 3rd period - Icing by Johnny Boychuk.
10:09 of 3rd period - Jiri Hudler wins face-off versus David Backes in Blues zone.
10:30 of 3rd period - Shot by Mike Fisher.
10:30 of 3rd period - Shot Blocked by Kris Letang.
10:45 of 3rd period - Icing by Marian Hossa.
10:46 of 3rd period - Marian Hossa wins face-off versus David Backes in Blues zone.
11:01 of 3rd period - Shot by Clarke MacArthur.
11:01 of 3rd period - Deflect By Marian Hossa.
11:01 of 3rd period - The goal is going for a video replay.
11:01 of 3rd period - The goal is refused.
11:02 of 3rd period - David Backes wins face-off versus Mike Fisher in Stars zone.
11:28 of 3rd period - Minor Penalty to Mike Weaver for Cross-checking.
11:29 of 3rd period - Marian Hossa wins face-off versus Nikita Kucherov in Blues zone.
12:04 of 3rd period - Shot by Nikita Kucherov.
12:04 of 3rd period - Stopped by Karri Ramo with a rebound.
12:48 of 3rd period - Shot by Jonathan Huberdeau.
12:48 of 3rd period - Shot Misses the Net.
13:35 of 3rd period - John Mitchell is hit by Mike Weaver and loses puck.
13:45 of 3rd period - Minor Penalty to Cal Clutterbuck for Hooking.
13:46 of 3rd period - David Backes wins face-off versus Jay McClement in Blues zone.
13:59 of 3rd period - Shot by Kris Letang.
13:59 of 3rd period - Deflect By David Backes.
13:59 of 3rd period - Shot Misses the Net.
14:01 of 3rd period - Shot by David Backes.
14:01 of 3rd period - Shot Misses the Net.
14:03 of 3rd period - Shot by Kris Letang.
14:03 of 3rd period - Stopped by Karri Ramo without a rebound.
14:04 of 3rd period - Jiri Hudler wins face-off versus Tyler Seguin in Blues zone.
14:35 of 3rd period - Icing by Zdeno Chara.
14:36 of 3rd period - Tyler Seguin wins face-off versus Jay McClement in Stars zone.
14:41 of 3rd period - Shot by Evgeni Malkin.
14:41 of 3rd period - Stopped by Karri Ramo with a rebound.
14:49 of 3rd period - Shot by Marian Hossa.
14:49 of 3rd period - Shot Blocked by Zdeno Chara.
14:55 of 3rd period - Shot by Jay McClement.
14:55 of 3rd period - Stopped by Jonathan Quick without a rebound.
14:56 of 3rd period - David Backes wins face-off versus Jiri Hudler in Stars zone.
15:31 of 3rd period - Icing by Shea Weber.
15:32 of 3rd period - Jay McClement wins face-off versus David Backes in Stars zone.
15:45 of 3rd period - Shot by David Backes.
15:45 of 3rd period - Shot Misses the Net.
15:53 of 3rd period - Vyacheslav Voynov is hit by Michael Raffl and loses puck.
16:00 of 3rd period - Shot by Jiri Hudler.
16:00 of 3rd period - Deflect By Michael Raffl.
16:00 of 3rd period - Stopped by Jonathan Quick with a rebound.
16:02 of 3rd period - Shot by Mike Weaver.
16:02 of 3rd period - Shot Blocked by Vyacheslav Voynov.
16:04 of 3rd period - Shot by Mike Weaver.
16:04 of 3rd period - Stopped by Jonathan Quick without a rebound.
16:05 of 3rd period - Tyler Seguin wins face-off versus Jay McClement in Stars zone.
16:41 of 3rd period - Shot by Jonathan Huberdeau.
16:41 of 3rd period - Stopped by Karri Ramo without a rebound.
16:42 of 3rd period - David Backes wins face-off versus Jiri Hudler in Blues zone.
16:47 of 3rd period - Shot by Nikita Kucherov.
16:47 of 3rd period - Shot Misses the Net.
16:49 of 3rd period - Shot by Nikita Kucherov.
16:49 of 3rd period - Stopped by Karri Ramo without a rebound.
16:50 of 3rd period - David Backes wins face-off versus Jiri Hudler in Blues zone.
17:09 of 3rd period - Shot by Nikita Kucherov.
17:09 of 3rd period - Stopped by Karri Ramo without a rebound.
17:10 of 3rd period - Mike Fisher wins face-off versus Tyler Seguin in Blues zone.
18:55 of 3rd period - Minor Penalty to Tyson Strachan for Goalie Interference.
18:56 of 3rd period - David Backes wins face-off versus Mike Fisher in Blues zone.
19:05 of 3rd period - Shot by Ryan Callahan.
19:05 of 3rd period - Shot Misses the Net.
19:07 of 3rd period - Shot by Nikita Kucherov.
19:07 of 3rd period - Stopped by Karri Ramo without a rebound.
19:08 of 3rd period - Jay McClement wins face-off versus David Backes in Blues zone.
Goals for this period are 1 for Blues vs 0 for Stars.
Shots for this period are 11 for Blues vs 12 for Stars.